[Event "US Masters 2024"]
[Site "Charlotte"]
[Date "2024.11.29"]
[Round "4.20"]
[White "Tari, Aryan"]
[Black "Kaplan, Avi Harrison"]
[Result "1/2-1/2"]
[ECO "B72"]
[WhiteElo "2628"]
[BlackElo "2317"]
[Annotator "TA"]
[PlyCount "95"]
[EventDate "2024.09.23"]
[EventType "swiss"]
[EventCountry "USA"]
[SourceTitle "playchess.com"]
[Source "ChessBase"]
[SourceQuality "1"]
[TimeControl "5400+30"]

1. e4 c5 2. Nf3 d6 3. d4 cxd4 4. Nxd4 Nf6 5. Nc3 a6 6. Bd3 g6 7. f3 Bg7 8. Be3 O-O {[%emt 0:00:47] 8...Nbd7 gains popularity. B72: Sicilian Dragon: 6 Be3, lines with h3+Bc4 and sidelines.} 9. Qd2 h5 10. O-O-O Nc6 11. h4 Bd7 12. Nxc6 bxc6 13. Bc4 Qa5 14. Bh6 Rab8 $146 ({Predecessor:} 14... Rfb8 15. Bxg7 Kxg7 16. Bb3 Be6 17. Bxe6 fxe6 18. a3 Rb7 19. Nb1 Qb6 20. Qc3 Rab8 {½-½ Doraszelski,A (2250)-You,Q (1880) Paracin op-A 17th 2024 (3)}) 15. Bb3 Rfc8 16. Rhe1 Bh8 17. e5 dxe5 18. Qg5 (18. Ne4 $11 Qxd2+ 19. Bxd2) 18... Bf5 $17 19. g4 (19. Qd2 $17) 19... hxg4 $19 20. h5 (20. Rg1 $142 Rxb3 21. cxb3) 20... Rxb3 (20... gxf3 $2 21. hxg6 Rxb3 22. Qxf5 $18) 21. hxg6 Bxg6 22. cxb3 gxf3 23. Rxe5 Qc7 $1 (23... Nd5 24. Qxe7 f2 (24... Nxe7 25. Rxa5 Nd5 26. Rf1 $11) (24... Bxe5 25. Qxe5 f6 26. Qe6+ Kh8 27. Qxc8+ Kh7 28. Rh1 Qc5 29. Bf8+ Kg8 30. Bxc5+) 25. Rf1 $17) 24. Rf5 $2 (24. Rh1) 24... Qh2 $1 $19 25. Rd2 (25. Rxf3 $2 Qc2#) 25... Qh1+ 26. Rd1 Qh3 $1 27. Rf4 Nh7 (27... f2 $142 28. Rxf2 Ng4) 28. Qh4 $19 Qg2 $1 (28... Qxh4 29. Rxh4 Bxc3 30. bxc3 $14) 29. Rd2 Qg1+ 30. Nd1 {[%emt 0:01:17] [#]} Qc5+ $1 31. Rc4 Qf5 32. Rcc2 Bf6 33. Qc4 Ng5 34. Ne3 Qh3 35. Ng4 $2 (35. Qg4 {is tougher.}) 35... Ne4 $19 36. Nxf6+ exf6 37. Rh2 Qg3 38. Qf1 Rd8 $2 (38... Nc5 $19 39. Rxc5 Qxh2) 39. Rh3 $1 $15 (39. Qxa6 $2 Qe1#) 39... Qe5 40. Rxf3 (40. Qxa6 Ng3 41. Bd2 Qf5 (41... Bxc2 42. Rxg3+ Qxg3 43. Qb6 Rxd2 44. Kxd2 f2 45. Qa6 Qg2 46. Kc3 f1=Q 47. Qxf1 Qxf1 48. Kxc2 f5 49. b4 f4 50. b5 cxb5 51. Kc3 Qc4+ 52. Kd2 Qd4+ 53. Ke2 Qe3+ 54. Kd1 f3 55. Kc2 f2 56. b4 f1=Q 57. Kb2 Qfc1#) (41... Ne2+ 42. Kb1 Bxc2+ 43. Ka1 f2 44. Rh1 Qd5 45. Rb1 Qxd2 46. Qb6 Bxb1 47. Qxf2 Qd1 48. a4 Bg6+ 49. Ka2 Nc1+ 50. Ka1 Qxb3 51. Qxf6 Qxa4#) 42. Qxc6 f2 (42... Qxh3 43. Qxf3 Bh5 44. Ba5 Bxf3 45. Bxd8 Qe6 46. Rd2 Qc6+ 47. Rc2 Qd5 48. Rd2 Qc5+ 49. Rc2 Qg1+ 50. Kd2 Qd4+ 51. Ke1 Qe3+ 52. Re2 Qxe2#) (42... Qxh3 43. Kb1 Rxd2 44. a4 f2 45. Ka2 Bxc2 46. Qe8+ Kg7 47. Qc6 f1=Q 48. Qc5 Qg4 49. Qc4 Qgxc4 50. bxc4 Qxc4+ 51. b3 Bxb3+ 52. Kb1 Qf1#)) (40. Qxf3 $2 Ng5 41. Qe2 Nxh3 $19 (41... Qxe2 $2 42. Rxe2 Nxh3 43. Bd2 $19)) 40... Nc5 (40... Ng5 $15 {might be stronger.} 41. Bxg5 (41. Rxc6 Qe4) (41. Re2 $2 Qa5 $19) 41... Qxg5+ 42. Rf4 Bd3 (42... Bxc2 43. Kxc2 Qg6+ 44. Kc3 $15)) 41. Re2 (41. Re3 {simplifies} Nd3+ 42. Qxd3 Bxd3 43. Rxe5 fxe5 44. Rxc6 Bb5 45. Rb6) 41... Qh5 $1 42. Bd2 Nd3+ 43. Rxd3 $4 (43. Kd1 $17) 43... Rxd3 $19 ({Not} 43... Bxd3 44. Qxf6 Qxe2 45. Qxd8+ Kg7 (45... Kh7 46. Qh4+ Kg8 47. Qf6 $11) 46. Qg5+ (46. Bc3+ Kg6 $17) 46... Bg6 47. Qf4 $11 (47. Bc3+ Kh7 $11)) 44. Qf2 (44. Rg2 $142 Rf3 45. Rxg6+ fxg6 46. Qxa6) 44... Kg7 (44... Rf3 $142 45. Re8+ Kg7) 45. Be3 $19 Qh1+ $2 (45... Rd8 $19 {has better winning chances.} 46. Bb6 Rd5) 46. Re1 $17 {[%emt 0:00:38] [#]} Qd5 ({Black should play} 46... Qh3 $1 $17 {Threatens to win with ...a5.} 47. b4 Rd5) 47. Qf4 (47. Qh2 $11 {remains equal.} Qh5 48. Qxh5 Bxh5 49. Rg1+ Kh7 50. Rg3) 47... Qh5 48. Bd4 $2 (48. b4 $17) 1/2-1/2

[Event "US Masters 2024"]
[Site "Charlotte"]
[Date "2024.11.29"]
[Round "4.21"]
[White "Mishra, Abhimanyu"]
[Black "Gauri, Shankar"]
[Result "1/2-1/2"]
[ECO "E48"]
[WhiteElo "2616"]
[BlackElo "2367"]
[Annotator "TA"]
[PlyCount "86"]
[EventDate "2024.09.23"]
[EventType "swiss"]
[EventCountry "USA"]
[SourceTitle "playchess.com"]
[Source "ChessBase"]
[SourceQuality "1"]
[TimeControl "5400+30"]

1. d4 Nf6 2. c4 e6 3. Nc3 Bb4 4. e3 O-O 5. Bd3 d5 6. cxd5 exd5 7. a3 Bd6 8. Qc2 c6 9. Nge2 Re8 10. Bd2 a5 11. f3 c5 12. g4 (12. O-O $11 {is more appropriate.}) 12... g6 (12... Nc6 $15 13. Nb5 c4) 13. dxc5 $11 Bxc5 14. g5 Nh5 15. e4 dxe4 16. Bxe4 Be6 17. O-O-O $1 Nd7 $1 18. Ng3 Nxg3 19. hxg3 Rc8 (19... Bd4 $1 $15 20. Bf4 Bxc3 21. bxc3 (21. Qxc3 $2 Rc8 $19) 21... Qe7) 20. Bf4 ({White should play} 20. Bxb7 $11 Qb6 21. Bxc8 Rxc8 22. g4) 20... Qb6 $15 {[%emt 0:02:20][%cal Oc5b4] ...Bb4! would now be deadly.} 21. Rxd7 Bxd7 22. Nd5 {[%emt 0:00:30][%cal Oc1b1] [#]} Bd4 $2 23. Nxb6 $16 Bxb6 {[%emt 0:00:17] [#]} 24. Bxb7 $1 Rxc2+ (24... Be3+ 25. Bxe3) 25. Kxc2 Bf5+ 26. Kc3 Rd8 {[%emt 0:00:41] Wards off Rd1} 27. Re1 ({White should try} 27. Rh2 $16) 27... Bd4+ $14 28. Kb3 Be6+ 29. Kc2 a4 30. Kb1 Bb3 31. Be4 Re8 32. Rc1 Be5 {[%emt 0:00:38] [#]} 33. Bc6 ({Better is} 33. Rc5 $1 $16 Bxf4 34. gxf4) 33... Re6 $11 34. Bd7 Re7 {[%emt 0:00:16] And now ...Bxf4 would win.} 35. Rc8+ Kg7 {[%emt 0:00:01] White must now prevent ...Bxf4.} 36. Re8 $1 Rxd7 37. Bxe5+ $14 {[%emt 0:00:20][%mdl 4096] Endgame. KRB-KRB} (37. Rxe5 f6 38. gxf6+ Kxf6 $11) 37... f6 {[%emt 0:00:01] ( -> ...Rd1#)} 38. gxf6+ ({Much worse is} 38. Bxf6+ Kf7 39. Rd8 Rxd8 40. Bxd8 Ke6 $14) (38. Rd8 $16 Rxd8 39. Bxf6+ Kf7 40. Bxd8) 38... Kf7 $11 {[%emt 0:00:10][%cal Rd7d1] The position is equal.} 39. Rc8 (39. Re7+ {simplifies} Rxe7 40. fxe7 Kxe7 41. Kc1) 39... Rd1+ 40. Rc1 Ba2+ 41. Kc2 $1 Bb3+ 42. Kb1 Ba2+ 43. Kc2 $1 Bb3+ {[%emt 0:00:03] Weighted Error Value: White=0.16 (very precise) /Black=0.15 (very precise) .  Mistake:       	White=5     	Black=3      Inaccurate:     	White=2     	Black=3      OK:         	White=7     	Black=15     Best:        	White=6     	Black=6      Strong:       	White=5     	Black=1} 1/2-1/2

[Event "US Masters 2024"]
[Site "Charlotte"]
[Date "2024.11.29"]
[Round "4.22"]
[White "Bok, Benjamin"]
[Black "Sargsyan, Anna M."]
[Result "1-0"]
[ECO "A14"]
[WhiteElo "2593"]
[BlackElo "2361"]
[Annotator "TA"]
[PlyCount "99"]
[EventDate "2024.09.23"]
[EventType "swiss"]
[EventCountry "USA"]
[SourceTitle "playchess.com"]
[Source "ChessBase"]
[SourceQuality "1"]
[TimeControl "5400+30"]

1. Nf3 d5 2. g3 Nf6 3. Bg2 e6 4. O-O Be7 5. c4 O-O 6. b3 b6 7. cxd5 exd5 8. Bb2 Bb7 9. e3 {[%emt 0:00:37] A14: English Opening: 1...e6 with b3 by White.} Nbd7 10. Nc3 Ne4 11. Ne2 Bf6 12. Bxf6 Ndxf6 13. d3 Nd6 14. b4 $146 ({Predecessor:} 14. Nf4 c5 15. Rc1 Rc8 16. Ne5 Qe7 17. Ng4 Nde8 18. Re1 Nxg4 19. Qxg4 Nf6 20. Qf5 {1-0 Kovalyov,A (2644)-Javakhadze,Z (2438) Southwest op 84th 2018 (4)}) 14... a5 15. a3 Qe7 16. Qc2 axb4 17. axb4 Nf5 18. b5 Rxa1 19. Rxa1 Ng4 20. Qd2 (20. Rc1 $16 Rc8) 20... Ra8 ({Better is} 20... Nf6 $14) 21. Rxa8+ $16 Bxa8 22. h3 (22. Qa2 $16 Qd8 23. Bh3) 22... Nf6 $1 $14 23. Qa2 Qd8 24. g4 Nd6 25. Nfd4 g5 (25... h6 $142) 26. Nc3 Kh8 27. Nc2 (27. Bxd5 Nxd5 28. Nxd5 Nxb5 $18) 27... Bb7 (27... Kg7 $16 28. Nd4 (28. Nxd5 Bxd5 29. Bxd5 Nxb5 $11) 28... Kh8) 28. Qa4 (28. Nxd5 $18 Bxd5 29. Bxd5) 28... Kg7 {[%emt 0:01:26] [#]} 29. Qd4 $1 Qd7 (29... Qe8 $16) 30. Qe5 $18 (30. Nxd5 Bxd5 31. e4 (31. Bxd5 $2 Nxb5 32. Qb2 Qxd5 $19) 31... Qxb5 $17 (31... Nxb5 32. Qe5 $11)) 30... h6 31. Nd4 (31. Nxd5 $2 Bxd5 32. e4 (32. Bxd5 $2 Qxb5 33. Ne1 Qxd5 $19) 32... Be6 $19) 31... Qe8 {[%emt 0:01:23] [#]} 32. f4 $1 Kg6 33. Kh2 (33. Bxd5 $2 Nxd5 34. Nxd5 Bxd5 35. Qxe8 Nxe8 $19) 33... Qa8 $2 (33... gxf4 $16 {was necessary.} 34. Qxe8 (34. Qxf4 Qe7 $16) (34. exf4 Qd8 $16) 34... Ndxe8) 34. fxg5 hxg5 35. Nf3 Nh7 36. Qe7 f6 $2 (36... d4 37. Ne4 (37. exd4 $2 Bxf3 38. Qxc7 Nxb5 $19) 37... Bxe4 38. dxe4 dxe3 39. Qxc7 Qa3) 37. Qxc7 $18 d4 38. Ne5+ (38. exd4 Bxf3 39. Bxf3 (39. Qxd6 Bxg2 40. d5 Bf3 $19) 39... Qxf3 40. Qxd6 Qf2+ (40... Qxd3 41. Qc6 $11) 41. Kh1 Qe1+ 42. Kg2 Qd2+ (42... Qxc3 $2 43. Qxb6 Qc2+ 44. Kg1 $19) 43. Kg1 Qe1+ (43... Qxc3 $2 44. Qxb6 Qxd3 45. Kh2 $19) 44. Kg2 Qxc3 45. Qxb6 Qd2+ (45... Qxd3 46. Qc6 $11) 46. Kf3 Qxd3+ 47. Kf2 Qxh3 $19) 38... Kh6 39. Nf7+ (39. exd4 Bxg2 40. Qxd6 Bh1 $16) (39. Qxd6 dxc3 40. Bxb7 Qxb7 $11) 39... Nxf7 40. Bxb7 (40. Qxb7 $2 {loses.} Qxb7 41. Nd5 dxe3 (41... Qb8+ $2 42. Kh1 $19) 42. Nxe3 Qc7+ 43. Kg1 Qc1+ 44. Nf1 Qc5+ 45. Kh1 Qxb5 $19) 40... Qa1 41. exd4 Qc1 (41... Nh8 $142 42. Nd5 Qb2+ 43. Kg3 Qxd4) 42. Bg2 Qe3 43. Ne4 ({And not} 43. Qxf7 Qf4+ 44. Kh1 Qc1+ 45. Kh2 Qf4+ 46. Kg1 Qxd4+ 47. Kf1 Qxc3 $11) 43... Kg7 44. Ng3 Qxd3 45. Nf5+ Kg8 46. Qb8+ Nf8 47. Ne7+ (47. Qxb6 $142 Qd2 48. Qxf6 Qf4+ 49. Kg1 Qc1+ 50. Bf1 Ne6 51. Qxe6 Qa3 52. b6) 47... Kg7 $18 48. Nf5+ (48. Qxb6 $18 Nh6 49. Qc7) 48... Kg8 49. Qxb6 Qd2 50. Qxf6 1-0

[Event "US Masters 2024"]
[Site "Charlotte"]
[Date "2024.11.29"]
[Round "4.23"]
[White "Canty, James"]
[Black "Zeltsan, Joseph"]
[Result "0-1"]
[ECO "D02"]
[WhiteElo "2189"]
[BlackElo "2405"]
[Annotator "TA"]
[PlyCount "112"]
[EventDate "2024.09.23"]
[EventType "swiss"]
[EventCountry "USA"]
[SourceTitle "playchess.com"]
[Source "ChessBase"]
[SourceQuality "1"]
[TimeControl "5400+30"]

1. d4 d5 2. Nf3 Nf6 3. Bf4 c5 4. e3 Nc6 5. Nbd2 Bg4 6. c3 e6 7. Qa4 Nd7 8. Bb5 Qc8 9. h3 Bh5 10. g4 Bg6 11. Nh4 Nb6 12. Qd1 a6 13. Nxg6 hxg6 14. Be2 cxd4 15. exd4 Qd7 16. Kf1 Bd6 17. Be3 Qc7 18. Kg2 Bf4 19. Bf3 (19. Bxf4 $14 Qxf4 20. a4) 19... g5 $15 (19... Bxe3 {simplifies} 20. fxe3 O-O-O 21. Qe1 e5) 20. Rc1 Ne7 21. b3 Ng6 22. c4 Qd8 ({Black should try} 22... Rc8 $17 23. Qe2 e5 24. dxe5 (24. Bxd5 $2 Nh4+ 25. Kg1 Nxd5 $19) 24... d4 25. Bxd4 Nh4+ (25... Bxe5 $2 26. Bxe5 Nxe5 27. Qe4 $18) 26. Kf1 Bxd2 (26... Nxf3 27. Qxf3 Bxd2 28. Rd1 $17)) 23. c5 (23. Be2 $15) 23... Nc8 $17 24. Be2 Nh4+ 25. Kg1 Qf6 26. Bd3 ({Better is} 26. b4) 26... Ne7 27. b4 $2 (27. Be2 $17) 27... Nc6 $19 28. Nf1 Bxe3 (28... Nxb4 29. Rb1 Nc6 (29... Nxa2 30. Qa4+ Kf8 31. Qxa2 $11) 30. Be2 $19) 29. fxe3 Nxd4 {[%emt 0:00:06] A dynamic duo of knights.} (29... Nxb4 30. Be2 Nc6 (30... Nxa2 $2 31. Qa4+ Ke7 32. Qxa2 $18) 31. Rh2 $17) 30. Nd2 (30. Be2 $142 Ndf3+ (30... Nxe2+ $2 31. Qxe2 O-O 32. Ng3 $19) 31. Bxf3 Nxf3+ 32. Kg2) 30... Ndf3+ 31. Nxf3 Nxf3+ 32. Kf2 Nh4+ 33. Ke2 O-O 34. Bb1 Qf3+ 35. Kd2 Qg3 36. Rc3 Rfd8 (36... a5 37. b5 $19) 37. Kc2 d4 38. Rd3 (38. exd4 Qf2+ 39. Kb3) 38... Qg2+ 39. Kb3 (39. Kc1 $142) 39... e5 40. exd4 exd4 41. Re1 (41. Bc2) 41... a5 42. Rxd4 (42. Qc2 $142 Qd5+ 43. Kb2 axb4 44. Rdd1) 42... Rxd4 (42... Qxh3+ 43. Qd3 Qxd3+ 44. Rxd3 Rxd3+ 45. Bxd3 axb4 46. Kxb4 $11) 43. Qxd4 axb4 $2 (43... Qxh3+ 44. Qe3 Qf3 (44... Qxg4 45. Qe8+ Rxe8 46. Rxe8#) 45. Qxf3 Nxf3 46. Rd1 $16) (43... Nf3 $19 44. Qd3 Nd2+ (44... Nxe1 $2 45. Qh7+ Kf8 46. Qh8+ Ke7 47. Qxa8 $19) 45. Kc2 Nxb1+ 46. Kxb1 axb4) 44. Qe4 $2 (44. Rd1 $17 {was called for.} g6 (44... Qxh3+ 45. Rd3 $17) 45. Qxb4) 44... Qg3+ (44... Ra3+ 45. Kc4 g6 (45... Qxh3 46. Qe8#) (45... Rc3+ $2 46. Kb5 $18) 46. Qxg2 Nxg2 47. Kxb4 (47. Re7 Rxh3 48. Rxb7 Rc3+ 49. Kxb4 Rc1 $16) 47... Rxh3 48. Re7 $14) (44... Qxh3+ $19 45. Kc4 g6 46. Qxb7 Qc3+ (46... Qxg4+ $2 47. Re4 $19) 47. Kb5 Rf8) 45. Kc4 $17 {[%emt 0:00:49][%cal Oe4e8] Qe8+! would kill now.} g6 {[%emt 0:02:55] aiming for ...Qc3+. Really sharp! Black is more active.} (45... Qxh3 46. Qh7+ Kf8 47. Qh8#) 46. Qxb7 $2 (46. Re3 $17 {only move.} Qc7 47. Qd5) 46... Rb8 47. Re3 Qf4+ $1 48. Qe4 {[%emt 0:00:06] [#] Hoping for Qxf4.} Qf1+ $1 49. Qd3 (49. Bd3 $142 Qf6 50. Qe5 Qa6+ 51. Kb3 Qa3+ 52. Kc2 Qxa2+ 53. Kc1) 49... Qc1+ 50. Bc2 {[%emt 0:03:43] [#]} Ng2 $1 51. Re7 Nf4 $2 (51... Ne1 $19 {and Black stays clearly on top.} 52. Qe4 Nxc2 53. Re8+ Rxe8 54. Qxe8+ Kg7 55. Qe5+ Kh7) 52. Qb3 $2 (52. Qe4 $17 Kf8 53. Ra7 Qf1+ 54. Bd3 Nxd3 55. Qxd3 Qc1+ (55... Qxd3+ 56. Kxd3 b3 57. axb3 $16) 56. Kb3) 52... Qf1+ 53. Bd3 Nxd3 54. Qxd3 Qc1+ 55. Kb3 Qa3+ (55... Qxc5 $2 56. Rd7 $19) 56. Kc4 Qa6+ 0-1

[Event "US Masters 2024"]
[Site "Charlotte"]
[Date "2024.11.29"]
[Round "4.24"]
[White "Dinesh, Abinav"]
[Black "Belenkaya, Dina"]
[Result "0-1"]
[ECO "A45"]
[WhiteElo "2038"]
[BlackElo "2151"]
[Annotator "RC"]
[PlyCount "66"]
[EventDate "2024.09.23"]
[EventType "swiss"]
[EventCountry "USA"]
[SourceTitle "playchess.com"]
[Source "ChessBase"]
[SourceQuality "1"]
[TimeControl "5400+30"]

1. d4 Nf6 2. Bf4 d6 3. e3 h6 4. h3 Nbd7 5. Nf3 e6 6. c4 g6 7. Nc3 Bg7 8. Bd3 b6 9. O-O Bb7 10. e4 Nh5 11. Be3 e5 12. d5 Nf4 13. Kh2 Bc8 14. g3 Nxd3 15. Qxd3 Nc5 16. Qc2 f5 17. Bxc5 bxc5 18. Nh4 Qf6 19. Nb5 Kd8 20. Qd2 a5 21. Ng2 h5 22. Rae1 h4 23. gxh4 f4 24. f3 Qe7 25. Rh1 Bf6 26. Qf2 Bxh4 27. Nxh4 Rxh4 28. Kg2 Bxh3+ 29. Rxh3 Qg5+ 30. Kh2 Rxh3+ 31. Kxh3 Kd7 32. Qh4 Rh8 33. Qxh8 Qg3# 0-1